 Dungeon Crawl Stone Soup version 0.27-a0-1186-g8b4daa1eef (webtiles) character file.

Game seed: 6537489787971342622

290 chippings the Skirmisher (level 6, -1/49 HPs)
             Began as a Mummy Gladiator on May 19, 2021.
             Killed by divine providence
             ... invoked by an orc priest
              (15 damage)
             ... on level 5 of the Dungeon.
             The game lasted 00:06:06 (3215 turns).

chippings the Skirmisher (Mummy Gladiator)          Turns: 3215, Time: 00:06:08

Health: -1/49      AC:  8    Str: 19    XL:     6   Next: 9%
Magic:  6/6        EV: 10    Int:  8    God:
Gold:   154        SH:  4    Dex: 13    Spells: 5/5 levels left

rFire    x . .     SeeInvis .   m - +0 flail (drain)
rCold    + . .     Faith    .   l - +0 buckler
rNeg     + + +     Spirit   .   j - +0 scale mail
rPois    ∞         Reflect  .   c - +0 helmet
rElec    .         Harm     .   (no cloak)
rCorr    .         Rampage  .   (no gloves)
Will     .....                  i - +0 pair of boots
Stlth    ..........             (no amulet)
HPRegen  0.16/turn              (no ring)
MPRegen  0.10/turn              (no ring)

@: no status effects
A: cold resistance 1, negative energy resistance 3, torment resistance 2, heat
vulnerability 1, no potions
a: no special abilities


You were on level 5 of the Dungeon.
You visited 1 branch of the dungeon, and saw 5 of its levels.

You collected 154 gold pieces.

Inventory:

Hand Weapons
 e - a +1 dagger of venom
 m - a +0 flail of draining (weapon)
Missiles
 d - 3 throwing nets (quivered)
 f - 5 javelins
Armour
 c - a +0 helmet (worn)
 i - a +0 pair of boots (worn)
 j - a +0 scale mail (worn)
 l - a +0 buckler (worn)
Scrolls
 b - a scroll of teleportation {unknown}
 g - a scroll of noise {unknown}
 h - a scroll of enchant armour {unknown}
 k - a scroll of identify {unknown}


   Skills:
 + Level 4.4 Fighting
 - Level 2.0 Short Blades
 * Level 3.1 Maces & Flails
 - Level 1.5 Throwing
 - Level 2.4 Dodging
 * Level 2.1 Shields


You had 5 spell levels left.
You didn't know any spells.
Your spell library contained the following spells:

 Spells                   Type           Power      Damage    Failure   Level
 Foxfire                  Conj/Fire      0%         2x1d4     87%         1
 Conjure Flame            Conj/Fire      0%         6-21      99%         3
 Inner Flame              Hex/Fire       0%         N/A       99%         3
 Sticky Flame             Conj/Fire      0%         2d3       100%        4
 Fireball                 Conj/Fire      0%         3d3       100%        5


Dungeon Overview and Level Annotations

Branches:
Dungeon (5/15)
 Temple: D:4-7

Altars:


Innate Abilities, Weirdness & Mutations

You are immune to poison.
Your flesh is cold resistant. (rC+)
You are immune to negative energy. (rN+++)
You are immune to unholy pain and torment.
You are vulnerable to heat. (rF-)
You do not drink.


Message History

a +0 dagger; a +0 robe; 6 gold pieces You closely miss the orc priest.
The orc priest hits you but does no damage.
You sock the orc priest!
The orc priest is heavily wounded.
The orc priest mumbles some strange prayers to Beogh against you.
Beogh smites you!
You hear a shout!
Your scale mail prevents you from hitting the orc priest.
The orc priest is heavily wounded.
You hear a shout!
You block the orc priest's attack.
The orc priest hits you with a +0 trident.
You barely miss the orc priest.
The orc priest is moderately wounded.
You hit the orc. You drain the orc.
The orc is heavily wounded.
The orc hits you with a +0 mace. You block the orc priest's attack.
You hit the orc priest.
The orc priest is heavily wounded.
The orc barely misses you. You block the orc priest's attack.
You hit the orc priest. You drain the orc priest.
The orc priest is almost dead.
You block the orc's attack. The orc priest closely misses you.
The orc hits you with a +0 mace.
The orc priest hits you with a +0 trident.
* * * LOW HITPOINT WARNING * * *
The orc priest hits you but does no damage.
You barely miss the orc.
The orc is heavily wounded.
The orc priest barely misses you. The orc misses you.
You closely miss the orc.
The orc is heavily wounded.
The orc closely misses you. You block the orc priest's attack.
You barely miss the orc.
The orc is heavily wounded.
The orc hits you but does no damage.
The orc priest invokes the aid of Beogh against you.
Beogh smites you!
You die...

# # #. .
##.#.#######.
.............
##>......##.#######.
.......#oo#.........
........#o#.........
.....o.o#@#........#
.....o..#.........#
........##.......##
........##..######
.#.####.###.## #.
##.###..# #
.........##
###.......#
#######.#


You could see an orc priest (drained) and 2 orcs.

Vanquished Creatures
  A hound (D:5)
  An orc priest (D:3)
  Terence (D:2)
  An iguana (D:3)
  An orc wizard (D:5)
  5 adders
  A worm (D:3)
  3 dart slugs
  7 orcs
  7 ball pythons
  8 bats
  6 endoplasms
  2 giant cockroaches (D:3)
  4 goblins (D:2)
  6 hobgoblins
  11 jackals
  4 kobolds (D:1)
  5 quokkas
  5 frilled lizards
  9 rats
88 creatures vanquished.

Vanquished Creatures (others)
  2 plants (D:1)
2 creatures vanquished.

Grand Total: 90 creatures vanquished

Notes
Turn   | Place    | Note
-------+----------+-------------------------------------------
     0 | D:1      | chippings the Mummy Gladiator began the quest for the Orb.
     0 | D:1      | Reached XP level 1. HP: 16/16 MP: 1/1
    43 | D:1      | Reached XP level 2. HP: 11/22 MP: 2/2
   280 | D:1      | Reached skill level 1 in Short Blades
   386 | D:1      | Found a faded altar of an unknown god.
   547 | D:1      | Reached XP level 3. HP: 26/28 MP: 3/3
  1408 | D:2      | Noticed Terence
  1423 | D:2      | Killed Terence
  1424 | D:2      | Reached skill level 3 in Fighting
  1424 | D:2      | Reached XP level 4. HP: 26/35 MP: 4/4
  2133 | D:3      | Reached skill level 4 in Fighting
  2205 | D:3      | Reached skill level 1 in Shields
  2205 | D:3      | Reached XP level 5. HP: 14/42 MP: 5/5
  3020 | D:5      | Entered Level 5 of the Dungeon
  3040 | D:5      | Reached XP level 6. HP: 29/49 MP: 6/6
  3215 | D:5      | Killed from afar by an orc priest

Illustrated notes

Levels and vault maps discovered:
D:1:      ebering_hopf_link, layout_basic, ebering_ecumenical_altar_box,
          serial_forest, infiniplex_forest_end_double,
          infiniplex_forest_corner_1, infiniplex_forest_clump_large,
          infiniplex_forest_clump_medium, infiniplex_forest_corner_2,
          infiniplex_forest_clump_curved, infiniplex_forest_straight_2
D:2:      minmay_angry_zag, layout_basic, uniq_terence
D:3:      layout_loops_ring, portal_sewer_entry_d
D:4:      minmay_chambers_of_threes, layout_layer_cave,
          minmay_temple_entry_nine_rooms, minmay_ruined_shrine, uniq_pikel,
          uniq_duvessa
D:5:      layout_basic, kennysheep_big_empty_room

Skill      XL: |  1  2  3  4  5 |
---------------+----------------+-----
Short Blades   | 1 2 |  2.0
Fighting       | 3 4 |  4.4
Shields        | 1 2 |  2.1
Maces & Flails | 3 |  3.1
Throwing       | |  1.5
Dodging        | |  2.4

Action                   |  1- 3 |  4- 6 || total
-------------------------+-------+-------++-------
Melee: Flail             |    16 |    57 ||    73
       Dagger            |   111 |   125 ||   236
Armor: Leather armour    |    35 |       ||    35
       Ring mail         |    14 |       ||    14
       Scale mail        |       |    82 ||    82
Dodge: Dodged            |   103 |    88 ||   191
Block: Buckler           |       |    23 ||    23

Table legend: (Time is in decaauts)
 A = Elapsed time spent in this place.
 B = Non-inter-level travel time spent in this place.
 C = Inter-level travel time spent in this place.
 D = Time resting spent in this place.
 E = Time spent auto-exploring this place.
 F = Levels seen in this place.
 G = Mean time per level.
                   A        B        C        D        E       F      G
               +--------+--------+--------+--------+--------+-----+--------+
         Total |   3228 |   3071 |    157 |      0 |   1822 |   5 |  645.6 |
       Dungeon |   3228 |   3071 |    157 |      0 |   1822 |   5 |  645.6 |
               +--------+--------+--------+--------+--------+-----+--------+

Top non-repeatable levels by time:
     D:1: 1142 daAuts
     D:3: 969 daAuts
     D:2: 907 daAuts
     D:5: 204 daAuts
     D:4: 4 daAuts
